 Dungeon Crawl Stone Soup version 0.30.0-5-g1a98f26d00 (webtiles) character file.

Game seed: 17836144844831481242

67 hogiebunz the Skirmisher (level 4, -1/38 HPs)
             Began as a Gnoll Hunter on May 9, 2023.
             Succumbed to Terence's poison
             ... on level 2 of the Dungeon.
             The game lasted 00:03:16 (802 turns).

hogiebunz the Skirmisher (Gnoll Hunter)              Turns: 802, Time: 00:03:17

Health: -1/38      AC:  3    Str: 11    XL:     4   Next: 16%
Magic:  5/5        EV: 13    Int:  8    God:
Gold:   92         SH:  0    Dex: 17    Spells: 5/5 levels left

rFire   . . .        a - +0 shortbow
rCold   . . .        (shield currently unavailable)
rNeg    . . .        c - +0 leather armour
rPois   .            (no helmet)
rElec   .            (no cloak)
rCorr   .            (no gloves)
SInv    .            (no boots)
Will    .....        (no amulet)
Stlth   ++           (no ring)
HPRegen 0.26/turn    (no ring)
MPRegen 0.09/turn

%: no passive effects
@: lethally poisoned (-1 -> -15), about to teleport
A: fangs 1, strong nose, distributed training
a: no special abilities


You were on level 2 of the Dungeon.
You visited 1 branch of the dungeon, and saw 2 of its levels.

You collected 92 gold pieces.

Inventory:

Hand Weapons
 a - a +0 shortbow (weapon)
Armour
 c - a +0 leather armour (worn)
Scrolls
 b - a scroll of immolation
Potions
 d - 2 potions of cancellation
 e - a potion of lignification {unknown}
 f - a potion of mutation {unknown}
 h - 2 potions of flight {unknown}
 i - a potion of curing {unknown}
 j - 2 potions of haste {unknown}
 k - a potion of heal wounds {unknown}


   Skills:
 + Level 4.6 Fighting
 + Level 1.1 Short Blades
 + Level 1.1 Long Blades
 + Level 1.1 Axes
 + Level 1.1 Maces & Flails
 + Level 1.1 Polearms
 + Level 1.1 Staves
 + Level 8.5 Ranged Weapons
 + Level 1.1 Throwing
 + Level 1.1 Armour
 + Level 4.6 Dodging
 + Level 2.5 Stealth
 + Level 1.1 Shields
 + Level 1.1 Unarmed Combat
 + Level 1.1 Spellcasting
 + Level 0.8 Conjurations
 + Level 0.8 Hexes
 + Level 0.8 Summonings
 + Level 0.8 Necromancy
 + Level 0.8 Translocations
 + Level 0.8 Transmutations
 + Level 0.8 Fire Magic
 + Level 0.8 Ice Magic
 + Level 0.8 Air Magic
 + Level 0.8 Earth Magic
 + Level 0.8 Poison Magic
 + Level 1.2 Invocations
 + Level 1.1 Evocations


You had 5 spell levels left.
You didn't know any spells.
Your spell library was empty.

Dungeon Overview and Level Annotations

Branches:
Dungeon (2/15)

Altars:

Annotations:
D:2 Terence


Innate Abilities, Weirdness & Mutations

You have very sharp teeth.
Your uncanny sense of smell can sniff out nearby items.
Your experience applies equally to all skills.


Message History

You shoot an arrow. The arrow hits Robin.
Robin is almost dead.
The goblin shoots a sling bullet.
The sling bullet hits you. Robin hits you but does no damage.
You shoot an arrow. The arrow hits Robin.
You kill Robin!
The goblin shoots a sling bullet.
The sling bullet barely misses you.
You have reached level 4!
You feel stronger.
Unknown command.
You shoot an arrow. The arrow hits Terence.
Terence is moderately wounded.
The goblin shoots a sling bullet.
The sling bullet hits you. Terence barely misses you.
You shoot an arrow. The arrow hits Terence.
Terence is moderately wounded.
Terence hits you with a +0 short sword of venom.
You are poisoned.
The hobgoblin barely misses you.
You are too injured to fight recklessly!
You shoot an arrow. The arrow hits the hobgoblin.
The hobgoblin is severely wounded.
You feel very sick. The hobgoblin misses you. Terence closely misses you.
You shoot an arrow. The arrow hits the hobgoblin.
The hobgoblin is almost dead.
* * * LOW HITPOINT WARNING * * *
You feel very sick. The hobgoblin closely misses you.
Terence closely misses you.
You shoot an arrow. The arrow hits the hobgoblin!
You kill the hobgoblin!
You feel sick.
Terence hits you with a +0 short sword of venom.
* * * LOW HITPOINT WARNING * * *
You are more poisoned.
The goblin shoots a sling bullet.
The sling bullet hits you but does no damage.
As you read the scroll labelled XEICSY RETHROMU, it crumbles to dust.
You feel strangely unstable.
It was a scroll of teleportation.
You die...

#.......#.......#
#.##)...#
#.#.###.# #.#.#
#.####
#.#.###.....
#.......##
#...)...# .
#.##@#..#)...
#.##@>g..)#
#.####..### #.#
..... #.. ..####
## ###


You could see Terence and a goblin (strong).

Vanquished Creatures
  Robin (D:2)
  An adder (D:2)
  A dart slug (D:1)
  4 ball pythons (D:1)
  5 endoplasms
  12 goblins
  4 hobgoblins
  3 jackals (D:1)
  2 quokkas (D:1)
  2 frilled lizards
  2 kobolds (D:1)
  3 rats (D:1)
40 creatures vanquished.

Notes
Turn   | Place    | Note
-------+----------+-------------------------------------------
     0 | D:1      | hogiebunz the Gnoll Hunter began the quest for the Orb.
     0 | D:1      | Reached XP level 1. HP: 20/20 MP: 1/1
    48 | D:1      | Reached XP level 2. HP: 26/26 MP: 2/2
   325 | D:1      | Reached XP level 3. HP: 27/31 MP: 3/3
   733 | D:2      | Reached skill level 1 in Invocations
   779 | D:2      | Reached skill level 1 in Short Blades
   779 | D:2      | Reached skill level 1 in Long Blades
   779 | D:2      | Reached skill level 1 in Axes
   779 | D:2      | Reached skill level 1 in Maces & Flails
   779 | D:2      | Reached skill level 1 in Polearms
   779 | D:2      | Reached skill level 1 in Staves
   779 | D:2      | Reached skill level 1 in Throwing
   779 | D:2      | Reached skill level 1 in Armour
   779 | D:2      | Reached skill level 1 in Shields
   779 | D:2      | Reached skill level 1 in Unarmed Combat
   779 | D:2      | Reached skill level 1 in Spellcasting
   779 | D:2      | Reached skill level 1 in Evocations
   781 | D:2      | Noticed Robin
   794 | D:2      | Noticed Terence
   796 | D:2      | Killed Robin
   797 | D:2      | Reached XP level 4. HP: 28/38 MP: 5/5
   802 | D:2      | Succumbed to Terence's poison

Illustrated notes

Levels and vault maps discovered:
D:1:      saegor_arrival_simple_d, layout_loops_cross
D:2:      layout_loops_cross, minmay_pentomino_p4, uniq_robin, uniq_terence

Skill      XL: |  1  2  3 |
---------------+----------+-----
Invocations    | 1 |  1.2
Short Blades   | 1 |  1.1
Long Blades    | 1 |  1.1
Axes           | 1 |  1.1
Maces & Flails | 1 |  1.1
Polearms       | 1 |  1.1
Staves         | 1 |  1.1
Throwing       | 1 |  1.1
Armour         | 1 |  1.1
Shields        | 1 |  1.1
Unarmed Combat | 1 |  1.1
Spellcasting   | 1 |  1.1
Evocations     | 1 |  1.1
Fighting       | |  4.6
Ranged Weapons | |  8.5
Dodging        | |  4.6
Stealth        | |  2.5
Conjurations   | |  0.8
Hexes          | |  0.8
Summonings     | |  0.8
Necromancy     | |  0.8
Translocations | |  0.8
Transmutations | |  0.8
Fire Magic     | |  0.8
Ice Magic      | |  0.8
Air Magic      | |  0.8
Earth Magic    | |  0.8
Poison Magic   | |  0.8

Action                     |  1- 3 |  4- 6 || total
---------------------------+-------+-------++-------
   Fire: Shortbow          |    83 |     5 ||    88
    Use: Scroll            |     1 |     1 ||     2
 Armour: Leather armour    |     5 |     1 ||     6
  Dodge: Dodged            |    24 |     6 ||    30
